| TOP OF THE 1ST |
|
Quincy Cubs batting - Pitching for Quad Cities Angels : LHP Ernie Ramirez
|
|
Pitching: LHP Ernie Ramirez
|
|
|
Batting: SHB Selwyn Young
|
0-0: Bunt missed! 0-1: Ball 1-1: SINGLE (Flyball, 8RS, EV 91.9 MPH)
|
|
Batting: RHB Jack Ayer
|
0-0: Swinging Strike 0-1: Foul Ball, location: 2F 0-2: Ball 1-2: SINGLE (Groundball, 6MD, EV 105.6 MPH) Selwyn Young to second
|
|
Batting: SHB Willie Perez
|
0-0: Called Strike 0-1: Called Strike 0-2: Ball 1-2: Foul Ball, location: 2F 1-2: Ball 2-2: Foul Ball, location: 2F 2-2: Foul Ball, location: 2F 2-2: Ball 3-2: Foul Ball, location: 2F 3-2: Strikes out swinging
|
|
Batting: RHB Garry Keeton
|
0-0: Called Strike 0-1: Ball 1-1: Ball Selwyn Young steals 3rd base Jack Ayer to second 2-1: Swinging Strike 2-2: Ball 3-2: Strikes out swinging
|
|
Batting: RHB Charles Curry
|
0-0: Called Strike 0-1: Fly out, F6 (Flyball, 6D, EV 90.6 MPH)
|
| Top of the 1st over - 0 runs, 2 hits, 0 errors, 2 left on base; Quincy 0 - Quad Cities 0 |
| BOTTOM OF THE 1ST |
|
Quad Cities Angels batting - Pitching for Quincy Cubs : RHP Steve Finch
|
|
Pitching: RHP Steve Finch
|
|
|
Batting: SHB Frank Diaz
|
0-0: Ball 1-0: Ground out 4-3 (Groundball, 4, EV 76.9 MPH)
|
|
Batting: RHB Mike Sharperson
|
0-0: Called Strike 0-1: Ball 1-1: Called Strike 1-2: Foul Ball, location: 2F 1-2: Strikes out swinging
|
|
Batting: LHB Bob Helsom
|
0-0: SINGLE (Groundball, 4MD, EV 95.0 MPH)
|
|
Batting: RHB Rolando Roomes
|
0-0: Ground out 1-3 (Groundball, 25, EV 74.4 MPH)
|
| Bottom of the 1st over - 0 runs, 1 hit, 0 errors, 1 left on base; Quincy 0 - Quad Cities 0 |
| TOP OF THE 2ND |
|
Quincy Cubs batting - Pitching for Quad Cities Angels : LHP Ernie Ramirez
|
|
Batting: RHB Alex Juarez
|
0-0: Ball 1-0: Swinging Strike 1-1: Ball 2-1: Fly out, F7 (Line Drive, 7, EV 93.8 MPH)
|
|
Batting: LHB Dennis Mork
|
0-0: Swinging Strike 0-1: Swinging Strike 0-2: Fly out, F8 (Line Drive, 8RM, EV 95.0 MPH)
|
|
Batting: RHB Roger Hansen
|
0-0: Ball 1-0: Ball 2-0: Ball 3-0: Base on Balls
|
|
Batting: RHB Billy Best
|
0-0: Ball 1-0: Ball 2-0: Called Strike 2-1: Foul Ball, location: 2F 2-2: Foul Ball, location: 2F 2-2: Ground out 4-3 (Groundball, 4, EV 92.5 MPH)
|
| Top of the 2nd over - 0 runs, 0 hits, 0 errors, 1 left on base; Quincy 0 - Quad Cities 0 |
| BOTTOM OF THE 2ND |
|
Quad Cities Angels batting - Pitching for Quincy Cubs : RHP Steve Finch
|
|
Batting: LHB Chuck Sandberg
|
0-0: Ball 1-0: Ball 2-0: Called Strike 2-1: Fly out, F4 (Line Drive, 4, EV 69.4 MPH)
|
|
Batting: RHB Oscar Mejia
|
0-0: Ground out 3-1 (Groundball, 23, EV 90.6 MPH)
|
|
Batting: SHB Danny Montero
|
0-0: Swinging Strike 0-1: Ball 1-1: Foul Ball, location: 2F 1-2: SINGLE (Groundball, 3D, EV 101.3 MPH)
|
|
Batting: RHB Cecil Strawn
|
0-0: Reached on error, E6 (Groundball, 6, EV 82.5 MPH) Danny Montero to second
|
|
Batting: LHB Matteo Allucingoli
|
0-0: Ground out 4-3 (Groundball, 4, EV 81.3 MPH)
|
| Bottom of the 2nd over - 0 runs, 1 hit, 1 error, 2 left on base; Quincy 0 - Quad Cities 0 |
| TOP OF THE 3RD |
|
Quincy Cubs batting - Pitching for Quad Cities Angels : LHP Ernie Ramirez
|
|
Batting: SHB Selwyn Young
|
0-0: SINGLE (Line Drive, 56, EV 98.1 MPH)
|
|
Batting: RHB Jack Ayer
|
0-0: Ball Selwyn Young is caught stealing 2nd base 2-4 1-0: SINGLE (Line Drive, 89S, EV 93.8 MPH)
|
|
Batting: SHB Willie Perez
|
0-0: Ball 1-0: Ball 2-0: Ball 3-0: Base on Balls Jack Ayer to second
|
|
Batting: RHB Garry Keeton
|
0-0: SINGLE (Line Drive, 6MD, EV 96.3 MPH) Jack Ayer to third Willie Perez to second Runner from 3rd tries for Home, SAFE, throw by CF to home
|
|
Batting: RHB Charles Curry
|
0-0: Called Strike 0-1: Ball 1-1: Ball 2-1: Called Strike 2-2: Ball 3-2: Fly out, F3 (Line Drive, 3, EV 63.1 MPH) Lined into DP, U3 (Line Drive, 3, EV 67.5 MPH)
|
| Top of the 3rd over - 1 run, 3 hits, 0 errors, 1 left on base; Quincy 1 - Quad Cities 0 |
| BOTTOM OF THE 3RD |
|
Quad Cities Angels batting - Pitching for Quincy Cubs : RHP Steve Finch
|
|
Batting: SHB Frank Diaz
|
0-0: Ball 1-0: Fly out, F6 (Popup, 6MD, EV 66.9 MPH)
|
|
Batting: RHB Mike Sharperson
|
0-0: Ball 1-0: Ball 2-0: Foul Ball, location: 2F 2-1: Foul Ball, location: 2F 2-2: Foul Ball, location: 2F 2-2: Ball 3-2: Foul Ball, location: 2F 3-2: Strikes out looking
|
|
Batting: LHB Bob Helsom
|
0-0: Ball 1-0: Called Strike 1-1: Called Strike 1-2: Ball 2-2: Strikes out swinging
|
| Bottom of the 3rd over - 0 runs, 0 hits, 0 errors, 0 left on base; Quincy 1 - Quad Cities 0 |
| TOP OF THE 4TH |
|
Quincy Cubs batting - Pitching for Quad Cities Angels : LHP Ernie Ramirez
|
|
Batting: RHB Alex Juarez
|
0-0: Called Strike 0-1: Foul Ball, location: 2F 0-2: Foul Ball, location: 2F 0-2: SOLO HOME RUN (Flyball, 7D, EV 90.0 MPH), Distance : 378 ft
|
|
Batting: LHB Dennis Mork
|
0-0: Foul Ball, location: 2F 0-1: Ball 1-1: Foul Ball, location: 2F 1-2: Fly out, F7 (Flyball, 78M, EV 96.3 MPH)
|
|
Batting: RHB Roger Hansen
|
0-0: Called Strike 0-1: Swinging Strike 0-2: Ball 1-2: Ball 2-2: Ball 3-2: Ground out 4-3 (Groundball, 4M, EV 110.6 MPH)
|
|
Batting: RHB Billy Best
|
0-0: Called Strike 0-1: Called Strike 0-2: SOLO HOME RUN (Line Drive, 7D, EV 103.8 MPH), Distance : 388 ft
|
|
Batting: SHB Selwyn Young
|
0-0: Ball 1-0: Ball 2-0: Called Strike 2-1: Foul Ball, location: 2F 2-2: Foul Ball, location: 2F 2-2: Ground out 6-3 (Groundball, 6M, EV 87.5 MPH)
|
| Top of the 4th over - 2 runs, 2 hits, 0 errors, 0 left on base; Quincy 3 - Quad Cities 0 |
| BOTTOM OF THE 4TH |
|
Quad Cities Angels batting - Pitching for Quincy Cubs : RHP Steve Finch
|
|
Batting: RHB Rolando Roomes
|
0-0: Ball 1-0: Called Strike 1-1: Ball 2-1: Ground out 4-3 (Groundball, 4, EV 87.5 MPH)
|
|
Batting: LHB Chuck Sandberg
|
0-0: Ball 1-0: Ground out 4-3 (Groundball, 4, EV 101.3 MPH)
|
|
Batting: RHB Oscar Mejia
|
0-0: Called Strike 0-1: DOUBLE (Line Drive, 78M, EV 101.3 MPH)
|
|
Batting: SHB Danny Montero
|
0-0: Swinging Strike 0-1: SINGLE (Groundball, 4MD, EV 95.0 MPH) Oscar Mejia to third Runner from 3rd tries for Home, SAFE, throw by CF to home
|
|
Batting: RHB Cecil Strawn
|
0-0: Called Strike 0-1: Foul Ball, location: 2F 0-2: Foul Ball, location: 2F 0-2: Ball 1-2: SINGLE (Groundball, 6M, EV 108.8 MPH) (infield hit) Danny Montero to second
|
|
Batting: LHB Matteo Allucingoli
|
0-0: Ball 1-0: Foul Ball, location: 2F 1-1: Foul Ball, location: 2F 1-2: SINGLE (Line Drive, 89S, EV 90.6 MPH) Danny Montero to third Cecil Strawn to second Runner from 3rd tries for Home, SAFE, throw by RF to home
|
|
Batting: SHB Frank Diaz
|
0-0: Ball 1-0: SINGLE (Groundball, 4M, EV 105.6 MPH) Cecil Strawn to third Matteo Allucingoli to second Runner from 3rd tries for Home, SAFE, throw by CF to home
|
|
Batting: RHB Mike Sharperson
|
0-0: Called Strike 0-1: Ball 1-1: Ball 2-1: Ball 3-1: Foul Ball, location: 2F 3-2: Fly out, F8 (Flyball, 78D, EV 108.8 MPH)
|
| Bottom of the 4th over - 3 runs, 5 hits, 0 errors, 2 left on base; Quincy 3 - Quad Cities 3 |
| TOP OF THE 5TH |
|
Quincy Cubs batting - Pitching for Quad Cities Angels : LHP Ernie Ramirez
|
|
Batting: RHB Jack Ayer
|
0-0: Ball 1-0: DOUBLE (Flyball, 89XD, EV 96.9 MPH)
|
|
Batting: SHB Willie Perez
|
0-0: Called Strike 0-1: Ball 1-1: Foul Ball, location: 2F 1-2: Ground out 6-3 (Groundball, 6, EV 85.6 MPH) Jack Ayer to third
|
|
Batting: RHB Garry Keeton
|
0-0: Ball 1-0: Called Strike 1-1: Called Strike 1-2: Strikes out swinging
|
|
Batting: RHB Charles Curry
|
0-0: Called Strike 0-1: Ball 1-1: SINGLE (Groundball, 6MD, EV 105.6 MPH) Jack Ayer scores
|
|
Batting: RHB Alex Juarez
|
0-0: Called Strike 0-1: Called Strike 0-2: Foul Ball, location: 2F 0-2: SINGLE (Groundball, 56D, EV 99.4 MPH) Charles Curry to second
|
|
Batting: LHB Dennis Mork
|
0-0: Foul Ball, location: 2F 0-1: Swinging Strike 0-2: Ground out U3 (Groundball, 34, EV 95.6 MPH)
|
| Top of the 5th over - 1 run, 3 hits, 0 errors, 2 left on base; Quincy 4 - Quad Cities 3 |
| BOTTOM OF THE 5TH |
|
Quad Cities Angels batting - Pitching for Quincy Cubs : RHP Steve Finch
|
|
Batting: LHB Bob Helsom
|
0-0: Foul Ball, location: 2F 0-1: Ball 1-1: TRIPLE (Line Drive, 7LD, EV 101.9 MPH)
|
|
Batting: RHB Rolando Roomes
|
0-0: Fly out, F8 (Flyball, 8RD, EV 90.0 MPH) Runner from 3rd tags up, SCORES, throw by CF
|
|
Batting: LHB Chuck Sandberg
|
0-0: Ball 1-0: Foul Ball, location: 2F 1-1: Ball 2-1: Swinging Strike 2-2: Foul Ball, location: 2F 2-2: Fly out, F9 (Flyball, 89D, EV 96.9 MPH)
|
|
Batting: RHB Oscar Mejia
|
0-0: Ball 1-0: Ball 2-0: Foul Ball, location: 2F 2-1: Ball 3-1: Foul Ball, location: 2F 3-2: Base on Balls
|
|
Batting: SHB Danny Montero
|
0-0: Called Strike 0-1: Ball 1-1: Foul Ball, location: 2F 1-2: Reached on error, E4 (Groundball, 4D, EV 107.5 MPH) Oscar Mejia to second
|
|
Batting: RHB Cecil Strawn
|
0-0: SINGLE (Flyball, 6MD, EV 93.1 MPH) Oscar Mejia to third Danny Montero to second Runner from 3rd tries for Home, SAFE, throw by CF to home
|
|
Batting: LHB Matteo Allucingoli
|
0-0: Called Strike 0-1: Ball 1-1: Ball 2-1: SINGLE (Line Drive, 8RS, EV 108.1 MPH) Danny Montero to third Cecil Strawn to second Runner from 3rd tries for Home, SAFE, throw by CF to home
|
|
Pitching: LHP Brian Duffy
|
|
|
Batting: SHB Frank Diaz
|
0-0: Ground out 3-1 (Groundball, 34, EV 83.1 MPH)
|
| Bottom of the 5th over - 3 runs, 3 hits, 1 error, 2 left on base; Quincy 4 - Quad Cities 6 |
| TOP OF THE 6TH |
|
Quincy Cubs batting - Pitching for Quad Cities Angels : LHP Ernie Ramirez
|
|
Batting: RHB Roger Hansen
|
0-0: Called Strike 0-1: Ball 1-1: Ball 2-1: Foul Ball, location: 2F 2-2: Strikes out swinging, 2-3 out at first.
|
|
Batting: RHB Billy Best
|
0-0: SOLO HOME RUN (Flyball, 7D, EV 111.9 MPH), Distance : 367 ft
|
|
Batting: SHB Selwyn Young
|
0-0: Called Strike 0-1: Swinging Strike 0-2: Ball 1-2: Foul Ball, location: 2F 1-2: Ball 2-2: Strikes out swinging
|
|
Batting: RHB Jack Ayer
|
0-0: Fly out, F8 (Flyball, 8LM, EV 93.8 MPH)
|
| Top of the 6th over - 1 run, 1 hit, 0 errors, 0 left on base; Quincy 5 - Quad Cities 6 |
| BOTTOM OF THE 6TH |
|
Quad Cities Angels batting - Pitching for Quincy Cubs : LHP Brian Duffy
|
|
Batting: RHB Mike Sharperson
|
0-0: Foul Ball, location: 2F 0-1: Foul Ball, location: 2F 0-2: Ball 1-2: Ground out 1-3 (Groundball, 34S, EV 67.5 MPH)
|
|
Batting: LHB Bob Helsom
|
0-0: Ball 1-0: Ball 2-0: Called Strike 2-1: Ground out 4-3 (Groundball, 4, EV 85.6 MPH)
|
|
Batting: RHB Rolando Roomes
|
0-0: Fly out, F8 (Flyball, 8RM, EV 95.6 MPH)
|
| Bottom of the 6th over - 0 runs, 0 hits, 0 errors, 0 left on base; Quincy 5 - Quad Cities 6 |
| TOP OF THE 7TH |
|
Quincy Cubs batting - Pitching for Quad Cities Angels : LHP Ernie Ramirez
|
|
Batting: SHB Willie Perez
|
0-0: SINGLE (Groundball, 56D, EV 94.4 MPH)
|
|
Batting: RHB Garry Keeton
|
0-0: Ball 1-0: Ball 2-0: Ball 3-0: Swinging Strike 3-1: Base on Balls Willie Perez to second
|
|
Pitching: RHP David Mangrum
|
|
|
Batting: RHB Charles Curry
|
0-0: Swinging Strike 0-1: Grounds into double play, 5-4-3 (Groundball, 5, EV 100.6 MPH) Willie Perez to third
|
|
Batting: RHB Alex Juarez
|
0-0: Ball 1-0: Ball 2-0: Ball 3-0: Called Strike 3-1: Called Strike 3-2: Base on Balls
|
|
Batting: LHB Dennis Mork
|
0-0: Ball 1-0: Called Strike 1-1: Swinging Strike 1-2: Ball 2-2: Foul Ball, location: 2F 2-2: Foul Ball, location: 2F 2-2: SINGLE (Line Drive, 7S, EV 91.3 MPH) Willie Perez scores Alex Juarez to second Runner from 2nd tries for 3rd, SAFE, throw by LF made to third
|
|
Batting: RHB Roger Hansen
|
0-0: Ball 1-0: Ball 2-0: Ball 3-0: Called Strike 3-1: Base on Balls Dennis Mork to second
|
|
Batting: RHB Billy Best
|
0-0: Ball 1-0: Ball 2-0: Ball 3-0: Called Strike 3-1: Base on Balls Alex Juarez scores Dennis Mork to third Roger Hansen to second
|
|
Batting: SHB Selwyn Young
|
0-0: Ball 1-0: Ball 2-0: Ball 3-0: Base on Balls Dennis Mork scores Roger Hansen to third Billy Best to second
|
|
Batting: RHB Jack Ayer
|
0-0: Ball 1-0: Ball 2-0: Called Strike 2-1: Ball 3-1: Base on Balls Roger Hansen scores Billy Best to third Selwyn Young to second
|
|
Pitching: RHP Charles Belk
|
|
|
Batting: SHB Willie Perez
|
0-0: Foul Ball, location: 2F 0-1: Ball 1-1: Ball 2-1: Swinging Strike 2-2: Ground out 4-3 (Groundball, 4, EV 101.9 MPH)
|
| Top of the 7th over - 4 runs, 2 hits, 0 errors, 3 left on base; Quincy 9 - Quad Cities 6 |
| BOTTOM OF THE 7TH |
|
Quad Cities Angels batting - Pitching for Quincy Cubs : LHP Brian Duffy
|
|
Batting: LHB Chuck Sandberg
|
0-0: Swinging Strike 0-1: Ball 1-1: Swinging Strike 1-2: Ball 2-2: Foul Ball, location: 2F 2-2: Fly out, F8 (Flyball, 8RM, EV 88.1 MPH)
|
|
Batting: RHB Oscar Mejia
|
0-0: Called Strike 0-1: Ball 1-1: Ground out 5-3 (Groundball, 56S, EV 89.4 MPH)
|
|
Batting: SHB Danny Montero
|
0-0: Ball 1-0: Ball 2-0: Ball 3-0: Base on Balls
|
|
Batting: RHB Cecil Strawn
|
0-0: Ball Danny Montero steals 2nd base 1-0: Called Strike 1-1: Ball 2-1: Ball 3-1: Base on Balls
|
|
Batting: LHB Matteo Allucingoli
|
0-0: Fly out, F5 (Line Drive, 5, EV 67.5 MPH)
|
| Bottom of the 7th over - 0 runs, 0 hits, 0 errors, 2 left on base; Quincy 9 - Quad Cities 6 |
| TOP OF THE 8TH |
|
Quincy Cubs batting - Pitching for Quad Cities Angels : RHP Charles Belk
|
|
Batting: RHB Garry Keeton
|
0-0: Called Strike 0-1: Ball 1-1: Foul Ball, location: 2F 1-2: Foul Ball, location: 2F 1-2: SINGLE (Line Drive, 89M, EV 99.4 MPH)
|
|
Batting: RHB Charles Curry
|
0-0: Ball 1-0: Swinging Strike 1-1: Swinging Strike 1-2: SINGLE (Groundball, 6D, EV 109.4 MPH) Garry Keeton to second Runner from 2nd tries for 3rd, SAFE, throw by LF made to third
|
|
Batting: RHB Alex Juarez
|
0-0: Ball 1-0: DOUBLE (Line Drive, 3D, EV 96.3 MPH) Garry Keeton scores Charles Curry to third Runner from 3rd tries for Home, SAFE, throw by RF to home
|
|
Batting: LHB Dennis Mork
|
0-0: Called Strike Alex Juarez is caught stealing 3rd base 2-5 0-1: Called Strike 0-2: Ball 1-2: Ground out 6-3 (Groundball, 6M, EV 81.9 MPH)
|
|
Batting: RHB Roger Hansen
|
0-0: Ground out 5-3 (Groundball, 15, EV 85.0 MPH)
|
| Top of the 8th over - 2 runs, 3 hits, 0 errors, 0 left on base; Quincy 11 - Quad Cities 6 |
| BOTTOM OF THE 8TH |
|
Quad Cities Angels batting - Pitching for Quincy Cubs : LHP Brian Duffy
|
|
Batting: SHB Frank Diaz
|
0-0: Called Strike 0-1: Ball 1-1: Ball 2-1: Swinging Strike 2-2: Ball 3-2: SINGLE (Groundball, 6D, EV 96.9 MPH)
|
|
Batting: RHB Mike Sharperson
|
0-0: Ball 1-0: Ball 2-0: Ball 3-0: Base on Balls Frank Diaz to second
|
|
Batting: LHB Bob Helsom
|
0-0: Fielders Choice at 2nd, 4-6 (Groundball, 4S, EV 82.5 MPH) Frank Diaz to third
|
|
Batting: RHB Rolando Roomes
|
0-0: Called Strike 0-1: Ball 1-1: Fly out, F7 (Flyball, 7, EV 88.8 MPH) Throwing error, E7 Frank Diaz scores Bob Helsom to second
|
|
Batting: LHB Chuck Sandberg
|
0-0: Ball 1-0: Foul Ball, location: 2F 1-1: Called Strike 1-2: Foul Ball, location: 2F 1-2: Ball 2-2: 2-RUN HOME RUN (Line Drive, 9D, EV 95.6 MPH), Distance : 375 ft
|
|
Pitching: RHP Michael Untisz
|
|
|
Batting: RHB Oscar Mejia
|
0-0: Ball 1-0: Fly out, F9 (Flyball, 89M, EV 96.3 MPH)
|
| Bottom of the 8th over - 3 runs, 2 hits, 1 error, 0 left on base; Quincy 11 - Quad Cities 9 |
| TOP OF THE 9TH |
|
Quincy Cubs batting - Pitching for Quad Cities Angels : RHP Charles Belk
|
|
Batting: RHB Billy Best
|
0-0: Ball 1-0: Ball 2-0: Foul Ball, location: 2F 2-1: Ball 3-1: Base on Balls
|
|
Pitching: RHP Rickey Lear
|
|
|
Batting: SHB Selwyn Young
|
0-0: Bunted foul 0-1: Ball 1-1: Ball 2-1: Bunted foul 2-2: TRIPLE (Flyball, 9LD, EV 95.0 MPH) Billy Best scores
|
|
Batting: RHB Jack Ayer
|
0-0: Called Strike 0-1: Ball 1-1: Ball 2-1: Ball 3-1: Fly out, F8 (Line Drive, 8RD, EV 90.0 MPH) Runner from 3rd tags up, SCORES, no throw by CF
|
|
Batting: SHB Willie Perez
|
0-0: Ball 1-0: Called Strike 1-1: Called Strike 1-2: Foul Ball, location: 2F 1-2: Ball 2-2: Foul Ball, location: 2F 2-2: Ball 3-2: Ground out 6-3 (Groundball, 56D, EV 98.1 MPH)
|
|
Batting: RHB Garry Keeton
|
0-0: Ball 1-0: Fly out, F7 (Flyball, 7, EV 96.9 MPH)
|
| Top of the 9th over - 2 runs, 1 hit, 0 errors, 0 left on base; Quincy 13 - Quad Cities 9 |
| BOTTOM OF THE 9TH |
|
Quad Cities Angels batting - Pitching for Quincy Cubs : RHP Michael Untisz
|
|
Batting: SHB Danny Montero
|
0-0: Called Strike 0-1: Fly out, F7 (Flyball, 78M, EV 71.9 MPH)
|
|
Batting: RHB Cecil Strawn
|
0-0: Ball 1-0: Ground out U3 (Groundball, 34S, EV 71.3 MPH)
|
|
Batting: LHB Matteo Allucingoli
|
0-0: Ball 1-0: Called Strike 1-1: Ball 2-1: Ball 3-1: Base on Balls
|
|
Batting: SHB Frank Diaz
|
0-0: Ball 1-0: Ball 2-0: Ball 3-0: Called Strike 3-1: Fly out, F8 (Flyball, 89D, EV 98.8 MPH)
|
| Bottom of the 9th over - 0 runs, 0 hits, 0 errors, 1 left on base; Quincy 13 - Quad Cities 9 |
|